 Dungeon Crawl Stone Soup version 0.20-a0-1006-ge6c5631 (webtiles) character file.

79 MTVSty1e the Charmwright (level 4, 0/35 HPs)
             Began as a Bultungin Wanderer on Apr 13, 2017.
             Slain by a gnoll
             ... wielding a +0 spear
              (1 damage)
             ... on level 2 of the Dungeon.
             The game lasted 00:02:53 (1260 turns).

MTVSty1e the Charmwright (Bultungin Wanderer)       Turns: 1260, Time: 00:02:54

Health: 0/35       AC:  2    Str: 11    XL:     4   Next: 37%
Magic:  7/7        EV: 11    Int: 12    God:
Gold:   126        SH:  0    Dex: 14    Spells: 7/7 levels left

rFire    x . .     SeeInvis +   q - +1 falchion (slice)
rCold    + . .     Gourm    .   (no shield)
rNeg     . . .     Faith    .   f - +0 robe
rPois    .         Spirit   .   (no helmet)
rElec    .         Reflect  .   (no cloak)
rCorr    .         Harm     .   (no gloves)
MR       .....                  (no boots)
Stlth    ++........             (no amulet)
Regen    0.2/turn               j - ring of ice
MPRegen  0.1/turn               (no ring)

@: no status effects
A: short attention span, fangs 1, see invisible, strong nose
a: no special abilities


You were on level 2 of the Dungeon.
You were hungry.

You visited 1 branch of the dungeon, and saw 2 of its levels.

You collected 126 gold pieces.

Inventory:

Hand Weapons
 b - a +2 blowgun
 c - a +0 mace
 d - a +0 hand crossbow
 q - a +1 falchion of slicing (weapon)
Missiles
 a - 3 curare-tipped needles
 e - 24 bolts
 i - 5 poisoned needles
Armour
 f - a +0 robe (worn)
Jewellery
 j - a ring of ice (left hand)
Potions
 h - 2 potions of cancellation {unknown}
 k - 2 potions of brilliance {unknown}
 l - a potion of curing {unknown}
 o - a potion of invisibility {unknown}
Comestibles
 g - 2 bread rations
 n - a meat ration


   Skills:
 + Level 3.2 Fighting
 * Level 1.9 Long Blades
 - Level 2.2 Crossbows
 - Level 2.8 Throwing
 + Level 2.0 Armour
 + Level 0.8 Dodging
 + Level 2.3 Stealth
 - Level 2.3 Spellcasting
   Level 1.5 Conjurations
   Level 4.4 Charms


You had 7 spell levels left.
You didn't know any spells.

Dungeon Overview and Level Annotations

Branches:
Dungeon (2/15)

Altars:


Innate Abilities, Weirdness & Mutations

You have a short attention span.
You have very sharp teeth.
You have supernaturally acute eyesight. (SInv)
Your uncanny sense of smell can sniff out nearby items.


Message History

You are too injured to fight recklessly!
You are too injured to fight recklessly!
The gnoll barely misses you.
You hit the gnoll.
The gnoll is moderately wounded.
You hit the gnoll.
The gnoll is heavily wounded.
The gnoll hits you with a spear.
* * * LOW HITPOINT WARNING * * *
The gnoll barely misses you. The gnoll closely misses you.
You hit the gnoll.
The gnoll is almost dead.
The gnoll hits you.
* * * LOW HITPOINT WARNING * * *
The gnoll misses you.
You riposte.
You hit the gnoll. You bite the gnoll.
The gnoll is almost dead.
You hit the gnoll.
You kill the gnoll!
The gnoll hits you with a spear.
You die...

......# ###<.#..# .......
#........ ##.##.#
#....... #.##.# ..
.......∆ #.##.. #. [....#
#.##.. ####. #.##.#
#.##..
.....###g##.########.##.#
#.....@g..)...........#
#......##.#########.###
#......##.# #.# #
#......##.# #.# .
#......##.# #.#
#......##.# #.#
#####+###.# #.# #.# #.#
#.# #..


You could see 2 gnolls.

Vanquished Creatures
  3 gnolls
  An adder (D:2)
  3 oozes
  A worm (D:2)
  A dart slug (D:1)
  2 leopard geckos (D:1)
  3 bats (D:1)
  4 goblins
  2 hobgoblins (D:1)
  3 kobolds
  3 rats (D:1)
26 creatures vanquished.

Notes
Turn   | Place    | Note
-------+----------+-------------------------------------------
     0 | D:1      | MTVSty1e the Bultungin Wanderer began the quest for the Orb.
     0 | D:1      | MTVSty1e set off with: 4 curare-tipped needles, a +2 blowgun, a +0 mace, a +0 hand crossbow, 26 bolts, a +0 robe, a bread ration
     0 | D:1      | Reached XP level 1. HP: 15/15 MP: 3/3
   137 | D:1      | Reached XP level 2. HP: 13/21 MP: 5/5
   331 | D:1      | Reached XP level 3. HP: 23/27 MP: 6/6
  1027 | D:2      | Reached skill level 1 in Long Blades
  1035 | D:2      | Reached XP level 4. HP: 9/34 MP: 7/7
  1259 | D:2      | HP: 1/35 [gnoll (4)]
  1260 | D:2      | Slain by a gnoll

Vault maps used:
D:1:      erik_arrival_gehennom
D:2:      marbit_many_paths, nicolae_dithmenos_through_a_glass_darkly

Skill      XL: |  1  2  3  4 |
---------------+-------------+-----
Spellcasting   | 2 |  2.3
Throwing       | 2 |  2.8
Fighting       | 2 3 |  3.2
Armour         | 2 |  2.0
Crossbows      | 2 |  2.2
Stealth        | 2 |  2.3
Long Blades    | 1 |  1.9
Dodging        | |  0.8
Conjurations   | |  1.5
Charms         | |  4.4

Action                   |  1- 3 |  4- 6 || total
-------------------------+-------+-------++-------
Melee: Falchion          |    19 |     7 ||    26
       Bite              |     2 |     1 ||     3
 Fire: Blowgun           |    18 |       ||    18
       Hand crossbow     |    22 |       ||    22
  Use: Scroll            |     3 |       ||     3
 Stab: Sleeping          |     2 |       ||     2
Armor: Robe              |     7 |       ||     7
Dodge: Dodged            |    12 |     4 ||    16
       Rpst.: Falchion   |     4 |     1 ||     5
